 Dungeon Crawl Stone Soup version 0.30-a0-840-ga523dec638 (webtiles) character file.

Game seed: 18070896506841582365

30 FallingFreak the Vexing (level 3, 0/27 HPs)
             Began as a Formicid Hexslinger on Mar 1, 2023.
             Succumbed to an adder's poison
             ... on level 2 of the Dungeon.
             The game lasted 00:03:01 (527 turns).

FallingFreak the Vexing (Formicid Hexslinger)        Turns: 527, Time: 00:03:03

Health: 0/27       AC:  2    Str: 14    XL:     3   Next: 35%
Magic:  5/5        EV: 12    Int: 14    God:
Gold:   58         SH:  0    Dex: 14    Spells: 4/5 levels left

rFire   . . .      SeeInvis +    a - +1 sling
rCold   . . .      Faith    .    (no shield)
rNeg    . . .      Spirit   .    c - +0 robe
rPois   .          Reflect  .    (helmet unavailable)
rElec   .          Harm     .    (no cloak)
rCorr   .          Rampage  .    (no gloves)
Will    .....                    (no boots)
Stlth   +                        (no amulet)
HPRegen 0.24/turn                (no ring)
MPRegen 0.09/turn                (no ring)

@: lethally poisoned (0 -> -1)
A: permanent stasis, dig shafts and tunnels, antennae 3, four strong arms
a: Dig, Shaft Self


You were on level 2 of the Dungeon.
You visited 1 branch of the dungeon, and saw 2 of its levels.

You collected 58 gold pieces.

Inventory:

Hand Weapons
 a - a +1 sling (weapon)
Armour
 c - a +0 robe (worn)
Wands
 I - a wand of quicksilver (9)
Scrolls
 b - a scroll of immolation {unknown}
 e - a scroll of identify {unknown}
 G - a scroll of poison
Potions
 d - 2 potions of curing {unknown}
 f - a potion of ambrosia {unknown}


   Skills:
 + Level 1.7 Fighting
 + Level 2.3 Ranged Weapons
 + Level 1.1 Armour
 - Level 1.7 Dodging
 + Level 1.6 Spellcasting
 + Level 4.0 Hexes


You had 4 spell levels left.
You knew the following spells:

 Your Spells              Type           Power      Damage    Failure   Level
a - Slow                  Hex            48%        N/A       4%          1

Your spell library contained the following spells:

 Spells                   Type           Power      Damage    Failure   Level
 Inner Flame              Hex/Fire       6%         N/A       32%         3
 Portal Projectile        Hex/Tloc       12%        N/A       32%         3
 Cause Fear               Hex            6%         N/A       43%         4


Dungeon Overview and Level Annotations

Branches:
Dungeon (2/15) Zot: 11454

Altars:


Innate Abilities, Weirdness & Mutations

You cannot be hasted, slowed, berserked, paralysed or teleported.
You can dig through walls and to a lower floor.
You have a pair of large antennae on your head. (SInv)
Your four strong arms can wield two-handed weapons with a shield.


Message History

Press: ? - help, Shift-Dir - straight line, f - you Really target yourself?
Fire: a) +1 sling
Press: ? - help, Shift-Dir - straight line, f - you Really target yourself?
Fire: a) +1 sling
Press: ? - help, Shift-Dir - straight line, f - you Really target yourself?
A bat comes into view.
* * * LOW HITPOINT WARNING * * *
You feel sick.
* * * LOW HITPOINT WARNING * * *
You feel sick.
* * * LOW HITPOINT WARNING * * *
You feel sick. The bat closely misses you.
Fire: a) +1 sling
Press: ? - help, Shift-Dir - straight line, f - bat
Aim: a bat (42% to hit)
You shoot a sling bullet. The sling bullet barely misses the bat.
* * * LOW HITPOINT WARNING * * *
You feel sick. The bat barely misses you. x2
Unknown command.
* * * LOW HITPOINT WARNING * * *
You feel sick.
There is a stone staircase leading up here.
Fire: a) +1 sling
Press: ? - help, Shift-Dir - straight line, f/p - bat
Aim: a bat (42% to hit)
You shoot a sling bullet.
The sling bullet closely misses the bat.
* * * LOW HITPOINT WARNING * * *
You feel sick. The bat hits you.
* * * LOW HITPOINT WARNING * * *
The bat hits you but does no damage.
Unknown command.
Fire: a) +1 sling
Press: ? - help, Shift-Dir - straight line, f/p - bat
Aim: a bat (42% to hit)
You shoot a sling bullet. The sling bullet misses the bat.
You die...

#.............#.#
#...†....b@...#.#
#.........#.###.#
#.........+.....#
#.........#.#####
.........#.#
........#.#
########.# #.#
#.# #.


You could see a bat.

Vanquished Creatures
  An adder (D:2)
  3 endoplasms (D:1)
  2 giant cockroaches
  2 goblins (D:1)
  2 hobgoblins
  3 ball pythons
  A bat (D:1)
  2 frilled lizards
  A kobold (D:1)
  3 rats
20 creatures vanquished.

Notes
Turn   | Place    | Note
-------+----------+-------------------------------------------
     0 | D:1      | FallingFreak the Formicid Hexslinger began the quest for
                  | the Orb.
     0 | D:1      | Reached XP level 1. HP: 15/15 MP: 2/2
    97 | D:1      | Reached XP level 2. HP: 21/21 MP: 3/3
   502 | D:2      | Increase (s)trength, (i)ntelligence, or (d)exterity?
   502 | D:2      | Reached XP level 3. HP: 26/26 MP: 5/5
   521 | D:2      | Reached skill level 1 in Armour
   521 | D:2      | Reached skill level 4 in Hexes
   526 | D:2      | HP: 1/27 [bat (1)]
   527 | D:2      | Succumbed to an adder's poison

Illustrated notes

Levels and vault maps discovered:
D:1:      ncdulo_halloftheorcs, layout_rooms, minmay_3d_cube
D:2:      layout_basic

Skill      XL: |  1  2  3 |
---------------+----------+-----
Armour         | 1 |  1.1
Hexes          | 4 |  4.0
Fighting       | |  1.7
Ranged Weapons | |  2.3
Dodging        | |  1.7
Spellcasting   | |  1.6

Action                     || total
---------------------------++-------
   Fire: Sling             ||    66
 Armour: Robe              ||     8
  Dodge: Dodged            ||    23

Table legend: (Time is in decaauts)
 A = Elapsed time spent in this place.
 B = Non-inter-level travel time spent in this place.
 C = Inter-level travel time spent in this place.
 D = Time resting spent in this place.
 E = Time spent auto-exploring this place.
 F = Levels seen in this place.
 G = Mean time per level.
                   A        B        C        D        E       F      G
               +--------+--------+--------+--------+--------+-----+--------+
         Total |    545 |    512 |     33 |      0 |    387 |   2 |  272.5 |
       Dungeon |    545 |    512 |     33 |      0 |    387 |   2 |  272.5 |
               +--------+--------+--------+--------+--------+-----+--------+

Top non-repeatable levels by time:
     D:1: 464 daAuts
     D:2: 81 daAuts
